AoeStats
← ITA | MarknighT

Arabia

504064446Analyzed
1v1 RM · 1mo ago on Sep 3, 2026· 40m 25s· 2 players
Game mode
Random Map
Map size
Tiny (2 player)
Population
200
Speed
Normal
Resources
Standard
Victory
Conquest
Starting age
Dark Age
Ending age
Imperial Age
RankedLock teamsTeams togetherTeam positionsShared explorationLock speedFull tech treeHidden civsTurbo modeCheats
Victory
Defeat
🇦🇷 Vietnamese · Argentina
1957
+14
🇮🇹 Hindustanis · Italy
1911
-14
ITA | MarknighT
5:07 Loom
8:33 Feudal Age
9:17 Double-Bit Axe
9:58 Horse Collar
16:52 Fletching
24:55 Castle Age
23:23 Gold Mining
25:29 Bloodlines
25:22 Padded Archer Armor
25:22 Town Watch
26:02 Bow Saw
25:28 Elite Skirmisher
26:13 Bodkin Arrow
28:17 Ballistics
27:58 Husbandry
29:34 Thumb Ring
34:23 Leather Archer Armor
★ DrumM ❿
6:03 Loom
8:37 Feudal Age
8:53 Man-at-Arms
9:26 Double-Bit Axe
11:32 Horse Collar
16:41 Wheelbarrow
19:42 Forging
19:23 Fletching
19:45 Forging
23:46 Castle Age
22:39 Padded Archer Armor
23:35 Scale Barding Armor
23:49 Crossbowman
24:25 Bodkin Arrow
25:23 Bow Saw
29:07 Leather Archer Armor
28:50 Elite Skirmisher
30:04 Ballistics
30:33 Elite Skirmisher
33:52 Chain Barding Armor
39:23 Imperial Age
40:08 Bracer
39:35 Imperial Skirmisher
41:19 Chemistry
Connection lost

Rejoining the realm…

Still unreachable

The connection could not be restored.

Session expired

The server has moved on; the page needs a fresh start.